 Dungeon Crawl Stone Soup version 0.29-a0-323-g050149af67 (webtiles) character file.

Game seed: 9039674710577625169

3 Flugslaktarn the Stinger (level 1, 13/13 HPs)
             Began as a Human Venom Mage on Apr 11, 2022.
             Was an Initiate of Ru.
             Quit the game on level 1 of the Dungeon.
             The game lasted 00:00:44 (111 turns).

Flugslaktarn the Stinger (Human Venom Mage)          Turns: 111, Time: 00:00:44

Health: 13/13      AC:  2    Str:  8    XL:     1   Next: 55%
Magic:  1/3        EV: 12    Int: 15    God:    Ru [......]
Gold:   0          SH:  0    Dex: 13    Spells: 3/4 levels left

rFire   . . .      SeeInvis .   (no weapon)
rCold   . . .      Faith    .   (no shield)
rNeg    . . .      Spirit   .   a - +0 robe
rPois   .          Reflect  .   (no helmet)
rElec   .          Harm     .   (no cloak)
rCorr   .          Rampage  .   (no gloves)
Will    .....                   (no boots)
Stlth   ++........              (no amulet)
HPRegen 0.04/turn               (no ring)
MPRegen 0.08/turn               (no ring)

@: no status effects
A: no striking features
a: Renounce Religion, Sacrifice Resistance, Sacrifice Love, Sacrifice an Eye,
Reject Sacrifices


You were on level 1 of the Dungeon.
You worshipped Ru.
Ru was noncommittal.
You visited 1 branch of the dungeon, and saw 2 of its levels.

Inventory:

Missiles
 e - 4 boomerangs
Armour
 a - a +0 robe (worn)
Scrolls
 d - a scroll of identify {unknown}
 f - a scroll of blinking {unknown}
Potions
 b - a potion of magic
 c - 2 potions of degeneration {unknown}


   Skills:
 - Level 2.0 Dodging
 - Level 2.0 Stealth
 - Level 2.0 Spellcasting
 + Level 1.5 Transmutations
 - Level 3.0 Poison Magic


You had 3 spell levels left.
You knew the following spells:

 Your Spells              Type           Power      Damage    Failure   Level
a - Sting                 Tmut/Pois      32%        1d4       9%          1

Your spell library contained the following spells:

 Spells                   Type           Power      Damage    Failure   Level
 Poisonous Vapours        Pois/Air       12%        N/A       19%         2
 Mephitic Cloud           Conj/Pois/Air  4%         N/A       41%         3
 Olgreb's Toxic Radiance  Pois           10%        N/A       54%         4


Dungeon Overview and Level Annotations

Branches:
Dungeon (2/15)

Altars:
Kikubaaqudgha
Ru


Message History

Casting: Sting (safe; 10% risk of failure)
Confirm with . or Enter, or press ? or * to list all spells.
Aiming: Sting (safe; 10% risk of failure)
Press: ? - help, Shift-Dir - straight line, f - rat
Aim: a rat (asleep, 100% to hit)
The sting hits the rat but does no damage.
The rat is poisoned.
Found 8 stones.
The rat bites you. The rat attacks as you move away!
The rat bites you but does no damage.
Found a faded altar of an unknown god.
You see here a scroll labelled BISIEFR RAUH.
d - a scroll labelled BISIEFR RAUH The rat barely misses you.
Casting: Sting (safe; 10% risk of failure)
Confirm with . or Enter, or press ? or * to list all spells.
Aiming: Sting (safe; 10% risk of failure)
Press: ? - help, Shift-Dir - straight line, f/p - rat
Aim: a rat (poisoned, 68% to hit)
The sting hits the rat but does no damage.
The rat looks even sicker.
The rat closely misses you. The rat barely misses you.
You see here 4 boomerangs.
e - 4 boomerangs The rat closely misses you.
Found a short sword.
The rat attacks as you move away! The rat completely misses you.
The rat attacks as you move away! The rat bites you.
Found a brown potion.
Casting: Sting (safe; 10% risk of failure)
Confirm with . or Enter, or press ? or * to list all spells.
Aiming: Sting (safe; 10% risk of failure)
Press: ? - help, Shift-Dir - straight line, f/p - rat
Aim: a rat (severely wounded, poisoned, 68% to hit)
The sting hits the rat.
The rat looks even sicker.
You kill the rat!
Found a pair of boots.
You see here 8 stones.
There is a faded altar of an unknown god here.
You cannot tell which god this altar belongs to.
Convert to them anyway?
Okay, then.
Unknown command.
Press < or > to pray at altars.
You cannot tell which god this altar belongs to.
Convert to them anyway?
Ru accepts your prayer! Ru welcomes you!
Unknown command.
Press < or > to pray at altars.
c - 2 brown potions (gained 1)
There is a sacrificial altar of Ru here.
Unknown command.
Ru believes you are ready to make a new sacrifice.
Okay, then.
Found a stone staircase leading down.
There is a stone staircase leading down here.
You climb downwards.
Found a leather armour and 16 gold pieces.
Found an ancient bone altar of Kikubaaqudgha.
Found a stone staircase leading down.
There is a stone staircase leading up here.
Casting: Sting (safe; 10% risk of failure)
Confirm with . or Enter, or press ? or * to list all spells.
Aiming: Sting (safe; 10% risk of failure)
Press: ? - help, Shift-Dir - straight line, f - jackal
Aim: a jackal (asleep, 100% to hit)
The sting hits the jackal.
The jackal is poisoned.
The jackal is severely wounded.
The jackal barks!
The ball python hisses angrily.
The jackal barks!
Casting: Sting (safe; 10% risk of failure)
Confirm with . or Enter, or press ? or * to list all spells.
Aiming: Sting (safe; 10% risk of failure)
Press: ? - help, Shift-Dir - straight line, f/p - jackal
Aim: a jackal (severely wounded, poisoned, 60% to hit)
The sting hits the jackal.
The jackal looks even sicker.
You kill the jackal!
An adder comes into view.
Casting: Sting (safe; 10% risk of failure)
Confirm with . or Enter, or press ? or * to list all spells.
Aiming: Sting (safe; 10% risk of failure)
Press: ? - help, Shift-Dir - straight line, f - jackal
Aim: a jackal (60% to hit)
The sting hits the jackal.
The jackal is poisoned.
The jackal is moderately wounded.
The adder hisses angrily.
A ball python comes into view.
The jackal bites you.
An endoplasm comes into view.
Casting: Sting (safe; 10% risk of failure)
Confirm with . or Enter, or press ? or * to list all spells.
You don't have enough magic to cast this spell.
The jackal closely misses you.
You climb upwards.
There is a stone staircase leading down here.
The jackal barely misses you.
Found a scroll labelled MUARUL XAWIO.
The jackal attacks as you move away! The jackal closely misses you.
The jackal barely misses you. The jackal attacks as you move away!
The jackal closely misses you.
You kill the jackal!
f - a scroll labelled MUARUL XAWIO Are you sure you want to abandon this character and quit the game? (Confirm with "yes".)

............# ..........#.#
..........#.# ..........#.##
######....>.#
#.###..##########
#...............#
#..#.....†......####
#........@.........#
##.#.#############.#
#.#.............#.#
#.#..########.#.#.#####
#.#...........#........
#.....###∩..♣..8).∩....#
###.#..................# #
#######.#..............^[..#
.
.............∩.....8.....∩.#


There were no monsters in sight!

Vanquished Creatures
  2 jackals
  A rat (D:1)
3 creatures vanquished.

Notes
Turn   | Place    | Note
-------+----------+-------------------------------------------
     0 | D:1      | Flugslaktarn the Human Venom Mage began the quest for the
                  | Orb.
     0 | D:1      | Reached XP level 1. HP: 13/13 MP: 3/3
    39 | D:1      | Found a faded altar of an unknown god.
    52 | D:1      | Prayed at the altar of an unknown god.
    52 | D:1      | Became a worshipper of Ru the Awakened
    90 | D:2      | Found an ancient bone altar of Kikubaaqudgha.
   111 | D:1      | Quit the game

Illustrated notes

Levels and vault maps discovered:
D:1:      mrwooster_arrival_statue_2, layout_basic,
          hellmonk_ecumenical_altar_arch_garden
D:2:      layout_rooms, basic_altar

Action                   || total
-------------------------++-------
 Cast: Sting             ||     6
Armor: Robe              ||     1
Dodge: Dodged            ||    10

Table legend: (Time is in decaauts)
 A = Elapsed time spent in this place.
 B = Non-inter-level travel time spent in this place.
 C = Inter-level travel time spent in this place.
 D = Time resting spent in this place.
 E = Time spent auto-exploring this place.
 F = Levels seen in this place.
 G = Mean time per level.
                   A        B        C        D        E       F      G
               +--------+--------+--------+--------+--------+-----+--------+
         Total |    111 |    111 |      0 |      0 |      0 |   2 |   55.5 |
       Dungeon |    111 |    111 |      0 |      0 |      0 |   2 |   55.5 |
               +--------+--------+--------+--------+--------+-----+--------+

Top non-repeatable levels by time:
     D:1: 106 daAuts
     D:2: 4 daAuts
